 Dungeon Crawl Stone Soup version 0.27-a0-419-g7a85846853 (webtiles) character file.

Game seed: 15528239359122063324

8 Chiseanne the Shooter (level 2, 23/23 HPs)
             Began as a Demonspawn Wanderer on Feb 26, 2021.
             Quit the game on level 1 of the Dungeon.
             The game lasted 00:00:23 (300 turns).

Chiseanne the Shooter (Demonspawn Wanderer)          Turns: 300, Time: 00:00:24

Health: 23/23      AC:  2    Str: 12    XL:     2   Next: 0%
Magic:  2/2        EV: 11    Int: 16    God:
Gold:   16         SH:  0    Dex:  9    Spells: 1/1 levels left

rFire    . . .     SeeInvis .   a - +0 quarterstaff
rCold    . . .     Faith    .   (shield currently unavailable)
rNeg     . . .     Spirit   .   e - +0 robe
rPois    .         Reflect  .   (helmet restricted)
rElec    .         Harm     .   (no cloak)
rCorr    .         Rampage  .   (no gloves)
Will     .....                  (no boots)
Stlth    +.........             (no amulet)
HPRegen  0.07/turn              (no ring)
MPRegen  0.08/turn              (no ring)

@: no status effects
A: horns 1
a: no special abilities


You were on level 1 of the Dungeon.
You visited 1 branch of the dungeon, and saw 1 of its levels.

You collected 16 gold pieces.

Inventory:

Hand Weapons
 a - a +0 quarterstaff (weapon)
 c - a +0 shortbow
Missiles
 d - 28 arrows
Armour
 e - a +0 robe (worn)
Miscellaneous
 b - a condenser vane (quivered)


   Skills:
 * Level 2.3 Fighting
 - Level 2.6 Staves
 - Level 2.6 Bows
 * Level 1.0 Dodging
 - Level 2.0 Evocations


You had one spell level left.
You didn't know any spells.
Your spell library was empty.

Dungeon Overview and Level Annotations

Branches:
Dungeon (1/15)

Altars:


Innate Abilities, Weirdness & Mutations

You have a pair of small horns on your head.


Message History

You miss the frilled lizard.
The frilled lizard is heavily wounded.
The frilled lizard barely misses you.
You barely miss the frilled lizard.
The frilled lizard is heavily wounded.
The frilled lizard barely misses you. The frilled lizard bites you.
You miss the frilled lizard.
The frilled lizard is heavily wounded.
The frilled lizard bites you but does no damage.
You hit the frilled lizard.
You kill the frilled lizard!
No target in view!
No target in view!
No target in view!
No target in view!
No target in view!
You see here a frilled lizard corpse.
A kobold comes into view. It is wielding a +0 whip.
The kobold shouts!
The kobold moves out of view.
A kobold is nearby!
A kobold is nearby!
A goblin comes into view. It is wielding a +0 club.
The goblin shouts!
You thump the kobold!
You kill the kobold!
Things that are here:
a +0 whip; a kobold corpse You barely miss the goblin.
The goblin barely misses you.
You sock the goblin!
You kill the goblin!
Your Dodging skill increases to level 1!
You have reached level 2!
Your demonic ancestry asserts itself...
A pair of horns grows on your head!
You see here a +0 club.
You open the door.
There is an open door here.
A bat comes into view.
Are you sure you want to abandon this character and quit the game? (Confirm with "yes".)

#....# #.####
##.....##.# #.#.##
##.......#.#
#†...####..........##
#.......+....b.......
#....####$....$....
#.#.## #.......#
#.### #.....# #.#
#.@.# #.#### ##'##
#....# #.# ####.# #.#
#.# ######.#### #.#
#..)).....# #.#
#.##......# #.#
#.###...#.# #.###.#
##.##.#


You could see a bat.

Vanquished Creatures
  A dart slug (D:1)
  A giant cockroach (D:1)
  A goblin (D:1)
  A hobgoblin (D:1)
  A frilled lizard (D:1)
  A kobold (D:1)
6 creatures vanquished.

Notes
Turn   | Place    | Note
-------+----------+-------------------------------------------
     0 | D:1      | Chiseanne the Demonspawn Wanderer began the quest for the
                  | Orb.
     0 | D:1      | Chiseanne set off with the following items: a +0
                  | quarterstaff, a condenser vane, a +0 shortbow, 28 arrows, a
                  | +0 robe
     0 | D:1      | Reached XP level 1. HP: 16/16 MP: 1/1
   290 | D:1      | Reached skill level 1 in Dodging
   290 | D:1      | Gained mutation: You have a pair of small horns on your
                  | head. [demonic ancestry]
   290 | D:1      | Reached XP level 2. HP: 23/23 MP: 2/2
   300 | D:1      | Quit the game

Illustrated notes

Levels and vault maps discovered:
D:1:      minmay_arrival_glassed_features, layout_loops_corners

Skill      XL: |  1 |
---------------+----+-----
Dodging        | 1 |  1.0
Fighting       | |  2.3
Staves         | |  2.6
Bows           | |  2.6
Evocations     | |  2.0

Action                   || total
-------------------------++-------
Melee: Quarterstaff      ||    17
Armor: Robe              ||     3
Dodge: Dodged            ||     8

Table legend: (Time is in decaauts)
 A = Elapsed time spent in this place.
 B = Non-inter-level travel time spent in this place.
 C = Inter-level travel time spent in this place.
 D = Time resting spent in this place.
 E = Time spent auto-exploring this place.
 F = Levels seen in this place.
 G = Mean time per level.
                   A        B        C        D        E       F      G
               +--------+--------+--------+--------+--------+-----+--------+
         Total |    302 |    302 |      0 |      0 |    268 |   1 |  302.0 |
       Dungeon |    302 |    302 |      0 |      0 |    268 |   1 |  302.0 |
               +--------+--------+--------+--------+--------+-----+--------+

Top non-repeatable levels by time:
     D:1: 302 daAuts
